 Dungeon Crawl Stone Soup version 0.27-a0-1147-gb3d8e82157 (webtiles) character file.

Game seed: 3641942074068082801

82 st0uf the Digger (level 4, -6/24 HPs)
             Began as a Gargoyle Earth Elementalist on May 11, 2021.
             Mangled by a wyvern zombie (7 damage)
             ... on level 3 of the Dungeon.
             The game lasted 00:07:52 (2604 turns).

st0uf the Digger (Gargoyle Earth Elementalist)      Turns: 2604, Time: 00:07:53

Health: -6/24      AC:  5    Str: 11    XL:     4   Next: 43%
Magic:  1/7        EV: 12    Int: 17    God:
Gold:   131        SH:  0    Dex: 10    Spells: 2/8 levels left

rFire    . . .     SeeInvis .   (no weapon)
rCold    . . .     Faith    .   (no shield)
rNeg     + . .     Spirit   .   c - +0 robe
rPois    ∞         Reflect  .   (no helmet)
rElec    +         Harm     .   (no cloak)
rCorr    .         Rampage  .   (no gloves)
Will     .....                  (no boots)
Stlth    ++........             (no amulet)
HPRegen  0.08/turn              (no ring)
MPRegen  0.10/turn              (no ring)

@: no status effects
A: sickness immunity, AC +3, negative energy resistance 1, electricity
resistance, torment resistance 1, petrification resistance
a: no special abilities


You were on level 3 of the Dungeon.
You visited 1 branch of the dungeon, and saw 3 of its levels.

You collected 131 gold pieces.

Inventory:

Missiles
 b - 18 stones
Armour
 c - a +0 robe (worn)
Scrolls
 d - 2 scrolls of identify {unknown}
 e - a scroll of acquirement {unknown}
 f - a scroll of immolation {unknown}
 g - a scroll of fear {unknown}
 j - a scroll of magic mapping {unknown}
 l - a scroll of summoning {unknown}
Potions
 a - 2 potions of curing {unknown}
 h - a potion of berserk rage {unknown}
 i - a potion of heal wounds {unknown}
 k - a potion of ambrosia {unknown}
 m - a potion of flight {unknown}


   Skills:
 + Level 2.1 Dodging
 + Level 3.0 Stealth
 + Level 2.6 Spellcasting
 + Level 0.4 Conjurations
 + Level 1.5 Transmutations
 + Level 4.2 Earth Magic


You had 2 spell levels left.
You knew the following spells:

 Your Spells              Type           Power      Damage    Failure   Level
a - Sandblast             Erth           32%        2d9       3%          1
b - Passwall              Tmut/Erth      9%         N/A       9%          2
c - Stone Arrow           Conj/Erth      20%        3d8       22%         3

Your spell library contained the following spells:

 Spells                   Type           Power      Damage    Failure   Level
 Corona                   Hex            2%         N/A       19%         1
 Ensorcelled Hibernation  Hex/Ice        4%         N/A       28%         2
 Dazzling Flash           Conj/Hex       4%         N/A       45%         3
 Confusing Touch          Hex            2%         N/A       50%         3
 Tukima's Dance           Hex            2%         N/A       50%         3
 Petrify                  Tmut/Erth      11%        N/A       50%         4
 Lee's Rapid Deconstruct  Erth           8%         3d8*      65%         5


Dungeon Overview and Level Annotations

Branches:
Dungeon (3/15)

Altars:


Innate Abilities, Weirdness & Mutations

You are immune to sickness and miasma.
Your stone body is resilient. (AC +3)
You are immune to poison.
You resist negative energy. (rN+)
You are resistant to electric shocks. (rElec)
You are resistant to unholy torment.
You are immune to petrification.


Message History

Unknown command.
Casting: Sandblast (safe; 3% risk of failure)
Confirm with . or Enter, or press ? or * to list all spells.
Aiming: Sandblast (safe; 3% risk of failure)
Press: ? - help, Shift-Dir - straight line, f/p - wyvern zombie
Aim: a wyvern zombie (moderately damaged, 93% to hit)
The blast of sand hits the wyvern zombie!
The wyvern zombie is heavily damaged.
The wyvern zombie closely misses you.
Casting: Sandblast (safe; 3% risk of failure)
Confirm with . or Enter, or press ? or * to list all spells.
Aiming: Sandblast (safe; 3% risk of failure)
Press: ? - help, Shift-Dir - straight line, f/p - wyvern zombie
Aim: a wyvern zombie (heavily damaged, 93% to hit)
The blast of sand hits the wyvern zombie.
The wyvern zombie is severely damaged.
The wyvern zombie closely misses you.
Casting: Sandblast (safe; 3% risk of failure)
Confirm with . or Enter, or press ? or * to list all spells.
Aiming: Sandblast (safe; 3% risk of failure)
Press: ? - help, Shift-Dir - straight line, f/p - wyvern zombie
Aim: a wyvern zombie (severely damaged, 93% to hit)
The blast of sand hits the wyvern zombie but does no damage.
The wyvern zombie is severely damaged.
The wyvern zombie misses you. The wyvern zombie barely misses you.
Casting: Sandblast (safe; 3% risk of failure)
Confirm with . or Enter, or press ? or * to list all spells.
Aiming: Sandblast (safe; 3% risk of failure)
Press: ? - help, Shift-Dir - straight line, f/p - wyvern zombie
Aim: a wyvern zombie (severely damaged, 93% to hit)
The blast of sand hits the wyvern zombie but does no damage.
The wyvern zombie is severely damaged.
The wyvern zombie bites you!
Ouch! That really hurt!
* * * LOW HITPOINT WARNING * * *
The wyvern zombie barely misses you. The wyvern zombie bites you.
* * * LOW HITPOINT WARNING * * *
The wyvern zombie bites you!
You die...

#......# #......#
#......# . '##
#......# ..
....#......# ...
............##....
..................
.........Z...#...
......#..#@#.# .
......#..#<#.#
......#....# #
......#.##.# ...
#. ..# ## ###


You could see a wyvern zombie.

Vanquished Creatures
  2 adders (D:2)
  A worm (D:3)
  3 dart slugs
  3 orcs (D:3)
  A ball python (D:3)
  5 endoplasms
  3 giant cockroaches (D:1)
  6 goblins
  7 hobgoblins
  4 quokkas
  5 bats
  3 frilled lizards
  A kobold (D:2)
  5 rats
49 creatures vanquished.

Notes
Turn   | Place    | Note
-------+----------+-------------------------------------------
     0 | D:1      | st0uf the Gargoyle Earth Elementalist began the quest for
                  | the Orb.
     0 | D:1      | Reached XP level 1. HP: 10/10 MP: 3/3
   253 | D:1      | Reached skill level 1 in Transmutations
   253 | D:1      | Reached XP level 2. HP: 15/15 MP: 3/5
   256 | D:1      | Learned a level 2 spell: Passwall
   833 | D:1      | Reached XP level 3. HP: 19/19 MP: 2/6
  1024 | D:1      | Reached skill level 4 in Earth Magic
  1537 | D:2      | Learned a level 3 spell: Stone Arrow
  1602 | D:2      | Found a faded altar of an unknown god.
  1645 | D:2      | Reached XP level 4. HP: 24/24 MP: 3/7
  2601 | D:3      | HP: 1/24 [wyvern zombie (2)]
  2604 | D:3      | Mangled by a wyvern zombie

Illustrated notes

Levels and vault maps discovered:
D:1:      heliophobic_arrival_henge, layout_rooms, serial_curves,
          eino_curves_02, eino_curves_02, minmay_misc_feat_alley, st_stairs_7
D:2:      layout_rooms, shapermc_ecumenical_altar_flowoftime
D:3:      minmay_inner_zag, layout_basic, general_overflow_altar

Skill      XL: |  1  2  3  4 |
---------------+-------------+-----
Transmutations | 1 |  1.5
Earth Magic    | 4 |  4.2
Dodging        | 2 |  2.1
Stealth        | 3 |  3.0
Spellcasting   | |  2.6
Conjurations   | |  0.4

Action                   |  1- 3 |  4- 6 || total
-------------------------+-------+-------++-------
Melee: Unarmed           |    53 |       ||    53
 Cast: Sandblast         |    51 |    36 ||    87
       Passwall          |       |     1 ||     1
Armor: Robe              |    27 |     9 ||    36
Dodge: Dodged            |    52 |    27 ||    79

Table legend: (Time is in decaauts)
 A = Elapsed time spent in this place.
 B = Non-inter-level travel time spent in this place.
 C = Inter-level travel time spent in this place.
 D = Time resting spent in this place.
 E = Time spent auto-exploring this place.
 F = Levels seen in this place.
 G = Mean time per level.
                   A        B        C        D        E       F      G
               +--------+--------+--------+--------+--------+-----+--------+
         Total |   2603 |   2548 |     55 |    335 |   1718 |   3 |  867.7 |
       Dungeon |   2603 |   2548 |     55 |    335 |   1718 |   3 |  867.7 |
               +--------+--------+--------+--------+--------+-----+--------+

Top non-repeatable levels by time:
     D:1: 1211 daAuts
     D:2: 713 daAuts
     D:3: 678 daAuts
